 Dungeon Crawl Stone Soup version 0.31-a0-37-g98a128e1d9 (webtiles) character file.

Game seed: 9452653364772935883

118 norre the Ruffian (level 5, -2/46 HPs)
             Began as a Ghoul Monk on May 16, 2023.
             Was a Follower of Uskayaw.
             Slain by a gnoll
             ... wielding a +0 club
             ... led by a gnoll bouda
              (9 damage)
             ... on level 5 of the Dungeon.
             The game lasted 00:05:16 (801 turns).

norre the Ruffian (Ghoul Monk)                       Turns: 801, Time: 00:05:16

Health: -2/46      AC:  2    Str: 15    XL:     5   Next: 2%
Magic:  4/4        EV: 13    Int:  5    God:    Uskayaw [*.....]
Gold:   86         SH:  0    Dex: 13    Spells: 4/4 levels left

rFire   . .          .
                       - Unarmed
rCold   + . .        c - orb {light}
rNeg    + + +        a - +0 robe
rPois   ∞            (no helmet)
rElec   .            (no cloak)
rCorr   .            (no gloves)
SInv    .            (no boots)
Will    .....        (no amulet)
Stlth   +            (no ring)
HPRegen 0.00/turn    (no ring)
MPRegen 0.09/turn

%: no passive effects
@: flying, inhibited regen, glowing
A: claws 1, cold resistance 1, negative energy resistance 3, inhibited
regeneration, torment resistance 2, devour on kill
a: Renounce Religion, Stomp


You were on level 5 of the Dungeon.
You worshipped Uskayaw.
Uskayaw was noncommittal.
You visited 1 branch of the dungeon, and saw 5 of its levels.

You collected 86 gold pieces.

Inventory:

Armour
 a - a +0 robe (worn)
 c - an orb of light (worn)
Scrolls
 d - 3 scrolls of identify


   Skills:
 + Level 4.2 Fighting
 + Level 3.4 Dodging
 + Level 0.3 Stealth
 + Level 4.7 Unarmed Combat


You had 4 spell levels left.
You didn't know any spells.
Your spell library was empty.

Dungeon Overview and Level Annotations

Branches:
Dungeon (5/15)
 Temple: D:4-7

Altars:
Uskayaw


Innate Abilities, Weirdness & Mutations

You are immune to poison.
You have sharp fingernails.
Your flesh is cold resistant. (rC+)
You are immune to negative energy. (rN+++)
You do not regenerate when monsters are visible.
You are immune to unholy pain and torment.
You thrive by killing the living.


Message History

A gnoll comes into view. It is wielding a +0 club.
The gnoll bouda barks out a call to the hunt!
The gnoll picks up the pace!
You hear a shout!
Found a stone.
A gnoll comes into view. It is wielding a +0 spear.
A gnoll comes into view. It is wielding a +0 whip.
You scratch the gnoll bouda but do no damage.
The gnoll bouda gazes fiercely through you!
You feel your attacks grow feeble.
The gnoll bouda hits you with a +0 whip.
You barely miss the gnoll bouda.
The gnoll bouda hits you with a +0 whip!
You scratch the gnoll bouda.
The gnoll bouda is lightly wounded.
The gnoll bouda completely misses you.
The gnoll bouda attacks as you move away!
The gnoll bouda barely misses you.
The gnoll bouda attacks as you move away!
The gnoll bouda hits you with a +0 whip.
Your attacks no longer feel as feeble.
The gnoll bouda gazes fiercely through you!
You feel your attacks grow feeble.
You drop a potion of flight.
The gnoll is no longer moving quickly.
The gnoll bouda barks out a call to the hunt!
The gnoll picks up the pace!
You feel very buoyant.
You fly up into the air.
You scratch the gnoll bouda.
The gnoll bouda is moderately wounded.
The gnoll bouda hits you with a +0 whip.
The gnoll hits you with a +0 club.
* * * LOW HITPOINT WARNING * * *
The gnoll hits you from afar with a +0 spear.
* * * LOW HITPOINT WARNING * * *
The gnoll bouda barely misses you.
You scratch the gnoll but do no damage.
Your attacks no longer feel as feeble.
The gnoll hits you with a +0 club!
You die...

##...###.#
##..###.##
#..##...###
#.........#
#.###...#.# #.#
##.##.# #.# #.#
#
#.####.####g##.#
#.......gg.g@..#
#.######.#######
.(....(.#
#########


You could see a gnoll bouda and 3 gnolls.

Vanquished Creatures
  A bullfrog (D:5)
  3 adders (D:3)
  A worm (D:3)
  2 dart slugs (D:3)
  2 orcs (D:3)
  An endoplasm (D:1)
  A giant cockroach (D:3)
  A goblin (D:4)
  3 hobgoblins
  4 bats
  2 kobolds (D:3)
  A rat (D:3)
22 creatures vanquished.

Notes
Turn   | Place    | Note
-------+----------+-------------------------------------------
     0 | D:1      | norre the Ghoul Monk began the quest for the Orb.
     0 | D:1      | Reached XP level 1. HP: 19/19 MP: 0/0
   129 | D:3      | Reached XP level 2. HP: 6/26 MP: 1/1
   247 | D:3      | Reached XP level 3. HP: 33/33 MP: 2/2
   289 | D:3      | Found a hide-covered altar of Uskayaw.
   398 | D:3      | Became a worshipper of Uskayaw the Reveller
   398 | D:3      | Reached * piety under Uskayaw
   488 | D:3      | Reached ** piety under Uskayaw
   493 | D:3      | Reached *** piety under Uskayaw
   749 | D:5      | Entered Level 5 of the Dungeon
   750 | D:5      | Noticed a bullfrog
   755 | D:5      | Killed a bullfrog
   756 | D:5      | Reached XP level 4. HP: 21/40 MP: 3/3
   756 | D:5      | Reached XP level 5. HP: 25/46 MP: 4/4
   801 | D:5      | Slain by a gnoll

Illustrated notes

Levels and vault maps discovered:
D:1:      minmay_arrival_loop, layout_loops_ring, minmay_tetromino_i4
D:2:      layout_rooms, shapermc_ecumenical_altar_mp_vishouse,
          patterned_corridor
D:3:      layout_loops_ring, mainiacjoe_overflow_catwalk_spiral, serial_shops,
          nicolae_shop_peninsula
D:4:      minmay_goblin_kobold_castle, layout_rooms, old_standard_altar,
          cheibrodos_sewer_entry_bend, uniq_duvessa, uniq_pikel
D:5:      wad_lake_hut, layout_loops_ring, nicolae_wu_jian_immortal_techniques

Skill      XL: |  1  2  3 |
---------------+----------+-----
Dodging        | 3 |  3.4
Fighting       | 4 |  4.2
Unarmed Combat | 4 |  4.7
Stealth        | |  0.3

Action                     |  1- 3 |  4- 6 || total
---------------------------+-------+-------++-------
  Melee: Unarmed           |    75 |     5 ||    80
    Use: Potion            |     2 |     1 ||     3
         Scroll            |     2 |       ||     2
 Armour: Robe              |     7 |       ||     7
  Dodge: Dodged            |    41 |     3 ||    44

Table legend: (Time is in decaauts)
 A = Elapsed time spent in this place.
 B = Non-inter-level travel time spent in this place.
 C = Inter-level travel time spent in this place.
 D = Time resting spent in this place.
 E = Time spent auto-exploring this place.
 F = Levels seen in this place.
 G = Mean time per level.
                   A        B        C        D        E       F      G
               +--------+--------+--------+--------+--------+-----+--------+
         Total |    794 |    216 |    578 |      0 |      0 |   5 |  158.8 |
       Dungeon |    794 |    216 |    578 |      0 |      0 |   5 |  158.8 |
               +--------+--------+--------+--------+--------+-----+--------+

Top non-repeatable levels by time:
     D:3: 609 daAuts
     D:1: 85 daAuts
     D:5: 51 daAuts
     D:4: 43 daAuts
     D:2: 4 daAuts
